[Event "*** Titled Tuesday Blitz"]
[Site "Chess.com"]
[Date "2020.05.19"]
[Round "8"]
[White "IMinTheWings"]
[Black "parmupill123"]
[Result "0-1"]
[WhiteElo "2233"]
[BlackElo "2410"]
[TimeControl "180+1"]
[EndTime "13:36:32 PDT"]
[Termination "parmupill123 won by resignation"]

1. Nf3 e6 2. g3 b6 3. Bg2 Bb7 4. O-O Nf6 5. c4 Be7 6. Nc3 O-O 7. Re1 d5 8. cxd5 Nxd5 9. d4 c5 10. e4 Nxc3 11. bxc3 cxd4 12. cxd4 Nc6 13. Bb2 Rc8 14. Rc1 Bf6 15. e5 Be7 16. Qd3 Nb4 17. Qb1 Bd5 18. a3 Nc6 19. Qd3 Qd7 20. Red1 Qb7 21. Ne1 Na5 22.
Bxd5 Qxd5 23. Qf3 Qxf3 24. Nxf3 Nc4 25. Rc2 Nxe5 26. Rxc8 Nxf3+ 27. Kg2 Nh4+ 28. gxh4 Rxc8 29. d5 exd5 30. Rxd5 Bxh4 31. Rd7 Ra8 32. Bd4 h6 33. Kh3 Bf6 34. Bxf6 gxf6 35. Kg4 Kg7 36. Kf5 a5 37. Rd6 Rb8 38. Rxf6 b5 39. Ra6 b4 40. axb4 axb4 41. Ra2 b3 42. Rb2 Rb5+ 43. Kf4 Kf6 44. Kg3 Ke5 45.
h4 Kd4 46. Kg4 Kc3 47. Rb1 b2 48. f4 h5+ 49. Kf3 Kc2 50. Rxb2+ Kxb2 51. Ke4 f5+ 52. Kd4 Kb3 53. Kd3 Rd5+ 54. Ke3 Kc4 55. Kf3 Rd4 56.
Kg3 Rd3+ 57. Kg2 Kd4 58. Kh2 Ke4 59. Kg2 Kxf4 60. Kg1 Kf3 0-1

[Event "*** Titled Tuesday Blitz"]
[Site "Chess.com"]
[Date "2020.05.19"]
[Round "8"]
[White "GoltsevDmitry2000"]
[Black "Igrok3069"]
[Result "1/2-1/2"]
[WhiteElo "2591"]
[BlackElo "2765"]
[TimeControl "180+1"]
[EndTime "13:36:33 PDT"]
[Termination "Game drawn - insufficient material"]

1. e4 c5 2. Nf3 e6 3. d4 cxd4 4.
Nxd4 Nf6 5. Nc3 Nc6 6. Be2 Bb4 7.
Qd3 d5 8. exd5 Nxd5 9. Bd2 Nxc3 10. Nxc6 Qxd3 11. Bxd3 bxc6 12. Bxc3 Bxc3+ 13. bxc3 Rb8 14. Kd2 Ke7 15. Rab1 Bd7 16. Rb3 Rb6 17. Rhb1 Rhb8 18. a4 c5 19. a5 Rxb3 20. Rxb3 Rxb3 21. cxb3 f5 22. f4 Kd6 23. g3 e5 24. fxe5+ Kxe5 25. Ke3 g5 26. b4 f4+ 27. gxf4+ gxf4+ 28. Kf2 cxb4 29. cxb4 h6 30. b5 Kd4 31. b6 axb6 32.
axb6 Bc6 33. Ba6 Ke5 34. b7 Bxb7 35. Bxb7 Kf6 36. Kf3 Kg7 37. Ba6 h5 38. Be2 h4 39.
Kg4 h3 40. Bf3 Kf6 41. Kxh3 Kg5 42. Kg2 Kf6 43. h4 Kg7 44. Kf2 Kh8 45. Kg2 Kg7 46.
Kh3 Kh8 47. Kg4 Kg7 48. Kg5 Kh8 49. h5 Kg7 50. h6+ Kh8 51. h7 Kxh7 52. Kxf4 1/2-1/2

[Event "*** Titled Tuesday Blitz"]
[Site "Chess.com"]
[Date "2020.05.19"]
[Round "8"]
[White "olksuna"]
[Black "Bulldog167"]
[Result "1-0"]
[WhiteElo "2598"]
[BlackElo "2763"]
[TimeControl "180+1"]
[EndTime "13:36:33 PDT"]
[Termination "olksuna won on time"]

1. c4 e6 2. Nc3 d5 3. e3 Nf6 4. Nf3 Be7 5. b3 O-O 6. Bb2 c5 7.
cxd5 Nxd5 8. Qc2 Nxc3 9. Bxc3 Nc6 10. h4 f6 11. Bd3 h6 12. a3 e5 13. h5 Bd6 14. Bc4+ Kh8 15. Nh4 Ne7 16. O-O-O Rb8 17.
Ng6+ Nxg6 18. hxg6 b5 19. Bf7 f5 20. f4 Qe7 21. fxe5 Bxe5 22. Bxe5 Qxe5 23. Qc3 Qxc3+ 24. dxc3 Rb6 25. e4 fxe4 26. Rhf1 e3 27. Rde1 e2 28.
Rf3 Bg4 29. Re3 Bh5 30. R1xe2 Bxg6 31. Re8 Rxe8 32. Rxe8+ Kh7 33. Bg8+ Kh8 34. Ra8 Rf6 35. g4 Bh7 36. Bd5+ 1-0

[Event "*** Titled Tuesday Blitz"]
[Site "Chess.com"]
[Date "2020.05.19"]
[Round "8"]
[White "larisakalinina"]
[Black "Medvegy"]
[Result "0-1"]
[WhiteElo "2014"]
[BlackElo "2466"]
[TimeControl "180+1"]
[EndTime "13:36:33 PDT"]
[Termination "Medvegy won on time"]

1. e4 c5 2. Nf3 Nf6 3. e5 Nd5 4.
c4 Nc7 5. d4 cxd4 6. Nxd4 g6 7. Be2 Bg7 8. f4 d6 9. Nf3 O-O 10.
exd6 Qxd6 11. Qxd6 exd6 12. O-O d5 13. Nc3 Re8 14. Bd3 Be6 15. cxd5 Nxd5 16. Ne4 Nc6 17. Nd6 Re7 18. Nc4 Ndb4 19. Be2 Bd5 20. Nce5 Nxe5 21.
fxe5 Bxe5 22. Nxe5 Rxe5 23. Bf3 Bxf3 24. Rxf3 Re1+ 25.
Rf1 Rae8 26. Bd2 Rxa1 27. Rxa1 Nd5 28. Kf2 f6 29. Rc1 Kf7 30. Rc5 Rd8 31. b4 Ke6 32. Be3 b6 33. Rc6+ Rd6 34. Rc8 Nxb4 35. Rc7 Rd7 36. Rc4 Nd5 37. Bc1 Rc7 38. Rxc7 Nxc7 39. Bb2 Nd5 0-1

[Event "*** Titled Tuesday Blitz"]
[Site "Chess.com"]
[Date "2020.05.19"]
[Round "8"]
[White "BabyBoss31"]
[Black "doons21"]
[Result "0-1"]
[WhiteElo "2334"]
[BlackElo "2529"]
[TimeControl "180+1"]
[EndTime "13:36:34 PDT"]
[Termination "doons21 won by resignation"]

1. d4 Nf6 2. c4 g6 3. Nc3 Bg7 4. e4 O-O 5. Nf3 d6 6. h3 Nbd7 7. Bg5 e5 8. d5 a5 9. Be2 Nc5 10. Qc2 c6 11. dxc6 bxc6 12. Rd1 Qc7 13. O-O Nh5 14.
Nd2 Nf4 15. Bxf4 exf4 16. Nb3 Re8 17. Bf3 Ne6 18. Ne2 Ng5 19. Nxf4 d5 20. Ne2 Nxf3+ 21. gxf3 dxe4 22. fxe4 Bxh3 23. Rfe1 Bg4 24. Rd2 Qe5 25. Ng3 h5 26. Nc1 h4 27. Nd3 Qg5 28. f4 Qh6 29.
Nf1 Bd4+ 30. Kh2 f5 31. e5 c5 32. Ne3 Kh7 33. Rg2 Qh5 34. Nf2 h3 35. Rg3 Bxe3 36.
Rexe3 Rad8 37. Nxh3 Rd4 38. Kg2 Kg7 39. Ng5 Rd1 40.
Qxd1 Bxd1 41. Rd3 Qe2+ 42. Kh3 Rh8+ 0-1

[Event "*** Titled Tuesday Blitz"]
[Site "Chess.com"]
[Date "2020.05.19"]
[Round "8"]
[White "Zhuu96"]
[Black "SketchyMoves"]
[Result "0-1"]
[WhiteElo "2838"]
[BlackElo "2651"]
[TimeControl "180+1"]
[EndTime "13:36:35 PDT"]
[Termination "SketchyMoves won by resignation"]

1. e4 e6 2. d4 d5 3. Nc3 Nc6 4. Bb5 Nf6 5. exd5 exd5 6. Nf3 Bg4 7. O-O Be7 8. h3 Bxf3 9. Qxf3 O-O 10. Rd1 a6 11.
Bxc6 bxc6 12. b3 Re8 13. Na4 Ne4 14. c4 Bd6 15. Be3 Qd7 16. Rac1 h6 17. cxd5 cxd5 18. Nc3 Nxc3 19. Rxc3 Re4 20. Rdc1 Rae8 21. Rc6 a5 22. Kh1 Qe6 23. Ra6 g5 24. Rxa5 Rxd4 25. Ra6 Re4 26. Rxc7 Bxc7 27. Rxe6 R8xe6 28. g3 Bb6 29. Bxb6 Rxb6 30.
Qc3 Rd6 31. Qc7 Ree6 32. Qc3 d4 33. Qd3 Re1+ 34. Kg2 Rc1 35. b4 Rc3 36. Qe4 Rd8 37. h4 d3 38. Qe3 d2 39. Qxc3 d1=Q 40. hxg5 Qd5+ 0-1

[Event "*** Titled Tuesday Blitz"]
[Site "Chess.com"]
[Date "2020.05.19"]
[Round "8"]
[White "MYMChessAcademy"]
[Black "Skatchkov_V"]
[Result "0-1"]
[WhiteElo "2396"]
[BlackElo "2557"]
[TimeControl "180+1"]
[EndTime "13:36:35 PDT"]
[Termination "Skatchkov_V won on time"]

1. e4 e5 2. Nf3 Nf6 3. Bc4 Nxe4 4. Nc3 Nd6 5. Bb3 Nc6 6. O-O Be7 7. Re1 O-O 8. Nxe5 Nxe5 9. Rxe5 Bf6 10. Re1 c6 11. d4 Re8 12. Rxe8+ Nxe8 13. d5 d6 14. Bf4 Bf5 15.
Qf3 c5 16. Re1 g6 17. g4 Bd7 18. Ne4 Bxb2 19. Nxd6 Nxd6 20. Bxd6 Qg5 21. Re7 Qxg4+ 22. Qxg4 Bxg4 23. Rxb7 Rc8 24. Bc4 Bf3 25. Rxa7 Bf6 26. Be7 Bxe7 27. Rxe7 Rd8 28. Rc7 Bxd5 29. Rxc5 Be4 30.
h3 h5 31. Rc7 Rd1+ 32. Kh2 h4 33.
f3 Bxf3 0-1

[Event "*** Titled Tuesday Blitz"]
[Site "Chess.com"]
[Date "2020.05.19"]
[Round "8"]
[White "Slovak_fighter2000"]
[Black "Caterpiller35"]
[Result "1-0"]
[WhiteElo "2546"]
[BlackElo "2369"]
[TimeControl "180+1"]
[EndTime "13:36:35 PDT"]
[Termination "Slovak_fighter2000 won on time"]

1. d4 Nf6 2. Nf3 e6 3. Bf4 c5 4. e3 d5 5. c3 Nc6 6. Nbd2 cxd4 7. exd4 Nh5 8. Bg5 Be7 9. Bxe7 Qxe7 10. g3 O-O 11.
Bg2 g6 12. O-O Rb8 13. a4 a6 14. Re1 b5 15. axb5 axb5 16. b4 Nf6 17. Nb3 Ne4 18. Qc2 e5 19. dxe5 Bf5 20. Qb2 Nxe5 21. Nxe5 Qxe5 22. Nd4 Rfc8 23. f3 Rc4 24. fxe4 dxe4 25. Qd2 Rbc8 26. Nxf5 gxf5 27. Qg5+ Kh8 28. Rf1 Qxc3 29.
Qxf5 Qd4+ 30. Kh1 e3 31. Qxf7 e2 32. Rfe1 Qxa1 33. Rxa1 Rc1+ 34. Bf1 exf1=Q+ 35. Qxf1 Rxf1+ 36. Rxf1 Rc4 37. Rf4 1-0

[Event "*** Titled Tuesday Blitz"]
[Site "Chess.com"]
[Date "2020.05.19"]
[Round "8"]
[White "Margarita2907"]
[Black "VladimirBugayev"]
[Result "1-0"]
[WhiteElo "2051"]
[BlackElo "2240"]
[TimeControl "180+1"]
[EndTime "13:36:35 PDT"]
[Termination "Margarita2907 won on time"]

1. d4 d5 2. Nf3 Nf6 3. e3 c6 4. b3 Bf5 5. Bd3 e6 6. O-O Bg4 7. Be2 Nbd7 8. Bb2 Bd6 9. h3 Bxf3 10. Bxf3 a5 11. a4 O-O 12. Nd2 e5 13. dxe5 Bxe5 14. Bxe5 Nxe5 15. Be2 Ne4 16. Nxe4 dxe4 17. Qc1 Qe7 18.
Qb2 Rfd8 19. Rfd1 f6 20. Rd4 Rxd4 21. exd4 Ng6 22. Bc4+ Kh8 23. Re1 f5 24. c3 Nf4 25.
Kh2 Qg5 26. g3 Nd5 27. Bxd5 cxd5 28. c4 f4 29. cxd5 fxg3+ 30. fxg3 e3 31. Qe2 Re8 32. d6 Qd5 33. Qb5 Qf7 34. Re2 h6 35. Qd3 Re6 36. Kg2 Qd7 37. Rxe3 Rxd6 38. Re4 Rf6 39. Qe3 1-0

[Event "*** Titled Tuesday Blitz"]
[Site "Chess.com"]
[Date "2020.05.19"]
[Round "8"]
[White "Norival"]
[Black "Savagelittlemole"]
[Result "1/2-1/2"]
[WhiteElo "2661"]
[BlackElo "2537"]
[TimeControl "180+1"]
[EndTime "13:36:36 PDT"]
[Termination "Game drawn by agreement"]

1. d4 Nf6 2. Nf3 g6 3. e3 Bg7 4. b4 O-O 5. c4 d6 6. Bb2 Nbd7 7. Nbd2 Re8 8. Be2 e5 9. dxe5 Nxe5 10. O-O b6 11. Rc1 a5 12. a3 axb4 13. axb4 Bb7 14. c5 bxc5 15. bxc5 Ra2 16. Bd4 Qa8 17. cxd6 cxd6 18.
Rc7 Nd5 19. Rc2 Nb4 20. Rxa2 Qxa2 21. Bb5 Rb8 22. Bxe5 dxe5 23. Bc4 Bxf3 24. gxf3 Qc2 25. Qxc2 Nxc2 26. Rc1 Na3 27. Bd5 Kh8 28. Bxf7 Bf8 29.
Kg2 Bb4 30. Ne4 Nb5 31. Bc4 Nd6 32. Nxd6 Bxd6 33. Rd1 Be7 34. Rd7 Bf6 35. Be6 Re8 36.
Bh3 Rb8 37. Ra7 h5 38. Be6 Rb6 39. Bd5 Rb2 40. h3 Bh4 41. Ra2 Rxa2 42. Bxa2 Bf6 1/2-1/2

[Event "*** Titled Tuesday Blitz"]
[Site "Chess.com"]
[Date "2020.05.19"]
[Round "8"]
[White "Lovinski"]
[Black "MrChampion_Coach"]
[Result "0-1"]
[WhiteElo "2440"]
[BlackElo "2313"]
[TimeControl "180+1"]
[EndTime "13:36:36 PDT"]
[Termination "MrChampion_Coach won on time"]

1. Nf3 g6 2. g3 Bg7 3. d4 d6 4. Bg2 Nf6 5. O-O O-O 6. b3 c5 7. Bb2 cxd4 8. Nxd4 d5 9. c4 e5 10.
Nf3 e4 11. Nd4 dxc4 12. bxc4 e3 13. Nb5 exf2+ 14. Kh1 Qxd1 15. Rxd1 Nc6 16. N1c3 Ng4 17. Nc7 Rb8 18. N7d5 Be6 19. h3 Nge5 20. Ba3 Rfd8 21.
Rab1 Nxc4 22. Bc5 b5 23. Bxf2 b4 24. Na4 Na3 25. Rbc1 Na5 26. Nc5 Bb2 27. Nxe6 fxe6 28. Rc7 exd5 29. Bxd5+ Rxd5 30. Rxd5 Rb7 31. Rc8+ Kf7 32.
Rxa5 Nb5 33. Rc5 a6 34. Ra4 Bf6 0-1

[Event "*** Titled Tuesday Blitz"]
[Site "Chess.com"]
[Date "2020.05.19"]
[Round "8"]
[White "RianKapriaga"]
[Black "shav3184"]
[Result "0-1"]
[WhiteElo "2210"]
[BlackElo "2354"]
[TimeControl "180+1"]
[EndTime "13:36:39 PDT"]
[Termination "shav3184 won on time"]

1. d4 d5 2. Nf3 Nf6 3. Bf4 c5 4. e3 Nc6 5. Nbd2 Qb6 6. dxc5 Qxb2 7. Rb1 Qc3 8. Bb5 Qxc5 9. O-O a6 10. Bd3 b5 11. e4 e6 12. Re1 Be7 13. exd5 Nxd5 14. Ne4 Qa7 15. Bd6 O-O 16. Bxe7 Ncxe7 17. Nfg5 h6 18.
a4 b4 19. Qh5 Nf4 20. Qh4 Nxd3 21. cxd3 Nf5 22. Qh3 hxg5 23. Nxg5 Nh6 24. Rxb4 Qe7 25.
Qh4 Bd7 26. Rg4 Rab8 27. Qh5 e5 28. Rg3 Bf5 29. Nf3 Bg6 30. Qxe5 Qxe5 31. Nxe5 Bf5 32.
Rf3 Be6 33. d4 Rfd8 34. Rf4 Rd5 35. Nf3 Ra5 0-1

[Event "*** Titled Tuesday Blitz"]
[Site "Chess.com"]
[Date "2020.05.19"]
[Round "8"]
[White "A-Fier"]
[Black "MateSchmate"]
[Result "1-0"]
[WhiteElo "2738"]
[BlackElo "2546"]
[TimeControl "180+1"]
[EndTime "13:36:40 PDT"]
[Termination "A-Fier won by checkmate"]

1. e4 e6 2. d4 d5 3. Nd2 a6 4. Ngf3 Nf6 5. e5 Nfd7 6. Bd3 c5 7. c3 Nc6 8. O-O g5 9. dxc5 g4 10. Nd4 Ncxe5 11. N2b3 Nxd3 12. Qxd3 Nxc5 13. Nxc5 Bxc5 14. f4 O-O 15. Bd2 b5 16. Rae1 f5 17. Kh1 Bxd4 18. Qxd4 Qf6 19. Re5 Qf7 20. c4 dxc4 21. Bc3 Qf6 22. Qb6 Qd8 23. Qc6 Bd7 24. Qd6 Rc8 25. Rd1 Rf7 26. Re3 h5 27. h3 Qf8 28. Qe5 Kh7 29. hxg4 Rc5 30. Rh3 Rxe5 31. Rxh5+ Qh6 32. Rxh6+ Kxh6 33. g5+ Kg6 34. Bxe5 Bc6 35. Rd8 Rh7+ 36. Kg1 Bd5 37. Rf8 Kh5 38. Kf2 Kg4 39. g6 Rh2 40.
g7 Rxg2+ 41. Kf1 Kf3 42. g8=Q Rf2+ 43. Kg1 Re2 44. Qg5 Re1+ 45. Kh2 Re2+ 46. Kh3 Ke3 47.
Qg3+ Bf3 48. Kh4 Kd2 49. Qxf3 Re3 50. Qf2+ Re2 51. Rd8+ Kc1 52. Qxe2 c3 53. Rd1# 1-0

[Event "*** Titled Tuesday Blitz"]
[Site "Chess.com"]
[Date "2020.05.19"]
[Round "8"]
[White "Mimsychess"]
[Black "AnkitGajwa"]
[Result "1-0"]
[WhiteElo "2285"]
[BlackElo "2426"]
[TimeControl "180+1"]
[EndTime "13:36:40 PDT"]
[Termination "Mimsychess won by resignation"]

1. e4 e5 2. Nf3 Nc6 3. Bb5 a6 4. Bxc6 dxc6 5. O-O Bg4 6. h3 Bxf3 7. Qxf3 Qd7 8. d3 O-O-O 9. Nd2 f6 10. Nc4 g5 11.
Ne3 h5 12. Rd1 g4 13. hxg4 Nh6 14. gxh5 Bc5 15. c3 Bxe3 16. Bxe3 Ng4 17. h6 Rdg8 18. d4 Nxe3 19. Qxe3 Qg4 20. g3 Qh3 21. Qf3 Rxh6 22.
Qf5+ Qxf5 23. exf5 Rh5 24. dxe5 fxe5 25. Re1 Rxf5 26.
Re4 Rd8 27. Rae1 Rd2 28. R1e2 Rxe2 29. Rxe2 Kd7 30. Kg2 Kd6 31. g4 Rf4 32. Kg3 c5 33.
Rd2+ Ke6 34. Rd8 a5 35. Rc8 Kd6 36. g5 a4 37. a3 b5 38. Rb8 c6 39. Rb7 Ke6 40.
f3 Kf5 41. Re7 Kxg5 42. Rxe5+ Rf5 43. Rxf5+ Kxf5 44. f4 c4 45. Kf3 c5 46. Ke3 b4 47.
Kf3 Kf6 48. Ke4 Ke6 49. f5+ Kd6 50. Kf4 Kd5 51. Kg5 bxc3 52. bxc3 Ke4 53. f6 Kd3 54. f7 Kxc3 55. f8=Q Kb2 56. Qxc5 c3 57.
Qb4+ 1-0

[Event "*** Titled Tuesday Blitz"]
[Site "Chess.com"]
[Date "2020.05.19"]
[Round "8"]
[White "UCantHandleDenker"]
[Black "froylanajedrez"]
[Result "1-0"]
[WhiteElo "2554"]
[BlackElo "2346"]
[TimeControl "180+1"]
[EndTime "13:36:41 PDT"]
[Termination "UCantHandleDenker won on time"]

1. Nf3 Nf6 2. g3 g6 3. Bg2 Bg7 4. O-O O-O 5. d3 d6 6. Nbd2 Nbd7 7. e4 e5 8. a4 a5 9. b3 Nc5 10. Ba3 Ne6 11. Nc4 Nh5 12. Rb1 c5 13. Bb2 b6 14.
Ne3 Bb7 15. Nd5 f5 16. exf5 Bxd5 17. fxe6 Qf6 18. Nd2 Bxg2 19. Kxg2 Qxe6 20. h3 Ra7 21. Qg4 Qd5+ 22. Qe4 Qe6 23. Qg4 Qd5+ 24. Kg1 Raf7 25. Rbe1 Nf6 26. Qc4 Qc6 27. Ne4 Nxe4 28. dxe4 Kh8 29.
Bc1 h5 30. Bg5 Bf6 31. Be3 Bg7 32. Rd1 Rd7 33. Qe6 Kh7 34. h4 Rf6 35. Qd5 Qc7 36. Kg2 Rdf7 37. Bg5 Rf3 38. Rd3 Rxd3 39. Qxd3 Bf8 40.
Qd5 Qd7 41. f3 Kg7 42. Rd1 Qe8 43. Rd3 Rd7 44. Qc6 Re7 45. Qxb6 Rf7 46. Qb5 Qe6 47. Qc4 Be7 48. Qxe6 1-0

[Event "*** Titled Tuesday Blitz"]
[Site "Chess.com"]
[Date "2020.05.19"]
[Round "8"]
[White "ChEsper99"]
[Black "Love_craft"]
[Result "0-1"]
[WhiteElo "2059"]
[BlackElo "2492"]
[TimeControl "180+1"]
[EndTime "13:36:41 PDT"]
[Termination "Love_craft won on time"]

1. e4 g6 2. d4 Bg7 3. Nc3 d6 4. g3 Nf6 5. Bg2 Nbd7 6. Be3 e5 7. Nge2 h5 8. h3 c6 9. a4 Qe7 10. O-O h4 11. g4 Nh7 12. Qd2 g5 13. Rad1 Bf6 14.
dxe5 dxe5 15. Qd6 Nhf8 16. Qxe7+ Bxe7 17. Rd2 Ne6 18. Rfd1 Bc5 19. Bxc5 Ndxc5 20. Bf1 Ke7 21. Re1 Bd7 22. b3 Rad8 23. Nd1 Nxe4 24. Rd3 N4c5 25.
Re3 f6 26. Rc3 Ne4 27. Rd3 N6c5 28. Re3 a5 29. c3 Nd2 30. f4 e4 31. b4 Nd3 32. Rxd3 exd3 33. Nd4+ Kd6 34. Bg2 Rhe8 35. Kf2 Rxe1 36. Kxe1 Nc4 0-1

[Event "*** Titled Tuesday Blitz"]
[Site "Chess.com"]
[Date "2020.05.19"]
[Round "8"]
[White "PavelChernomordik"]
[Black "LostaBet95"]
[Result "1-0"]
[WhiteElo "2412"]
[BlackElo "2520"]
[TimeControl "180+1"]
[EndTime "13:36:43 PDT"]
[Termination "PavelChernomordik won by resignation"]

1. e4 e5 2. Nf3 Nc6 3. Bb5 Nf6 4. Qe2 a6 5. Ba4 b5 6. Bb3 Bc5 7. a4 b4 8. Bxf7+ Kxf7 9. Qc4+ d5 10. Qxc5 Qd6 11.
Qxd6 cxd6 12. exd5 Nxd5 13. d3 Bg4 14. Ng5+ Kg6 15.
Ne4 Nd4 16. Kd2 Rac8 17. Nbc3 bxc3+ 18. bxc3 Nc6 19. c4 Nf6 20. Nxd6 Rcd8 21. Ba3 Rd7 22. f3 Be6 23. Kc3 Rhd8 24. Ne4 Nxe4+ 25. fxe4 Nd4 26.
Rhf1 Rb7 27. Rab1 Rxb1 28. Rxb1 Ne2+ 29. Kd2 Nf4 30. g3 Nh3 31. Rb6 Kf7 32. Rxa6 Bxc4 33. Ra7+ Kg6 34. Bb2 Ng5 35. Ke3 Ba2 36. Bxe5 Bb1 37. Rxg7+ Kh5 38. h4 Ne6 39. Rxh7+ Kg4 40.
Re7 Nc5 41. Rc7 Nxa4 42. Bd4 Rb8 43. Rc4 Nb6 44. Rc6 Na4 45. Rg6+ Kh3 46. Kd2 Rc8 47.
c4 Nc5 48. Bxc5 Rxc5 49. Rg5 Rc8 50. h5 Rd8 51. Rd5 Rh8 52. c5 Kxg3 53. c6 Rc8 54.
Rc5 Kf4 55. h6 Ba2 56. h7 Be6 57. Rh5 Rh8 58. Kc3 Bf7 59. Rf5+ Ke3 60. Rxf7 Rxh7 1-0

[Event "*** Titled Tuesday Blitz"]
[Site "Chess.com"]
[Date "2020.05.19"]
[Round "8"]
[White "vanyakuba"]
[Black "Nayemhaque22"]
[Result "1-0"]
[WhiteElo "2446"]
[BlackElo "2190"]
[TimeControl "180+1"]
[EndTime "13:36:43 PDT"]
[Termination "vanyakuba won by resignation"]

1. e4 c5 2. c3 Nc6 3. d4 cxd4 4. cxd4 g6 5. d5 Nb8 6. Nc3 Bg7 7. Be3 d6 8. Qd2 Nf6 9. Bh6 O-O 10. Bxg7 Kxg7 11.
f4 Nbd7 12. Nf3 Nc5 13. Qd4 Kg8 14. e5 Nfd7 15. h4 Qa5 16. b4 dxe5 17. fxe5 Qa3 18. bxc5 Nxc5 19. Nb5 Qa5+ 20. Qd2 Qb6 21. h5 a6 22.
hxg6 fxg6 23. Nc3 Bf5 24. Bc4 Rac8 25. d6+ e6 26. Qd4 Qb2 27. Rd1 b5 28. Nd5 Qxg2 29. Ne7+ Kg7 30. Qh4 h5 31. Be2 Rcd8 32. Rg1 Nd3+ 33. Rxd3 Qh1 34. Rxh1 Bxd3 35. Rg1 Rxf3 36. Bxf3 Rf8 37. Be2 Be4 38. Bxh5 1-0

[Event "*** Titled Tuesday Blitz"]
[Site "Chess.com"]
[Date "2020.05.19"]
[Round "8"]
[White "Shushik"]
[Black "hypert"]
[Result "0-1"]
[WhiteElo "2111"]
[BlackElo "2372"]
[TimeControl "180+1"]
[EndTime "13:36:43 PDT"]
[Termination "hypert won by resignation"]

1. e4 c5 2. Nf3 Nc6 3. d4 cxd4 4. Nxd4 e5 5. Nb5 a6 6. Nd6+ Bxd6 7. Qxd6 Qf6 8. Qc7 Nge7 9. Nc3 Nb4 10. Bd3 d5 11.
exd5 Nexd5 12. Nxd5 Nxd5 13. Qc4 Be6 14. Qa4+ Bd7 15.
Qb3 Bc6 16. O-O O-O 17. Be4 Rad8 18. Qh3 h6 19. b3 Nf4 20. Bxf4 Bxe4 21. Be3 Bxc2 22.
Rac1 Rc8 23. Qg3 Rc6 24. Bd2 Rd8 25. Be3 Rd3 26. Qg4 Qd6 27. Qe2 Rdc3 28. Bd2 Rd3 29. Be3 Rdc3 30. Bd2 Bd3 31. Qe3 Rc2 32. Rxc2 Rxc2 33. Bb4 Qxb4 34. Qxd3 Rxa2 35. Qd8+ Qf8 36. Qd5 Qe7 37. Rc1 Kh7 38. Qe4+ g6 39. Qb1 Rd2 40. Qe4 Rd4 41. Qe3 a5 42. Re1 Rb4 43.
Qc3 Qe6 44. Rxe5 Qxb3 45. Qe1 Qb1 46. Kf1 Qd3+ 47. Kg1 Rb1 0-1

[Event "*** Titled Tuesday Blitz"]
[Site "Chess.com"]
[Date "2020.05.19"]
[Round "8"]
[White "umngqusho"]
[Black "HanSchut"]
[Result "1-0"]
[WhiteElo "2480"]
[BlackElo "2225"]
[TimeControl "180+1"]
[EndTime "13:36:43 PDT"]
[Termination "umngqusho won on time"]

1. e4 c5 2. Nf3 d6 3. d4 cxd4 4. Nxd4 Nf6 5. Nc3 a6 6. Bc4 e6 7.
Bb3 b5 8. Be3 b4 9. Na4 Bd7 10.
O-O Nc6 11. f4 Rb8 12. f5 e5 13. Ne6 fxe6 14. fxe6 Bc8 15. Bd5 Ne7 16. c4 Bb7 17.
Rxf6 gxf6 18. Qh5+ Ng6 19. Nb6 Bg7 20. Nd7 Bxd5 21.
exd5 Rb7 22. c5 Rxd7 23. exd7+ Qxd7 24. c6 Qc7 25. Qf5 O-O 26. Rc1 Re8 27. Qd7 Rc8 28.
Qe6+ Kh8 29. g3 Nf8 30. Qf5 Rb8 31. Kg2 a5 32. h4 a4 33. h5 Qa5 34. c7 Qxd5+ 35.
Kh2 Ra8 36. h6 Qxa2 37. hxg7+ Kxg7 38. c8=Q Rxc8 39. Rxc8 Qxb2+ 40. Rc2 Qb3 41. Rc7+ 1-0

[Event "*** Titled Tuesday Blitz"]
[Site "Chess.com"]
[Date "2020.05.19"]
[Round "8"]
[White "nihalsarin"]
[Black "Twitch_ElhamBlitz05"]
[Result "1-0"]
[WhiteElo "3021"]
[BlackElo "2773"]
[TimeControl "180+1"]
[EndTime "13:36:44 PDT"]
[Termination "nihalsarin won by checkmate"]

1. g3 Nf6 2. Bg2 g6 3. b3 c6 4. Bb2 Bg7 5. e3 O-O 6. Ne2 d5 7. d3 Bf5 8. Nd2 Nbd7 9. h3 e5 10. g4 Be6 11. Ng3 h6 12. O-O Re8 13. e4 d4 14. Nf3 Nh7 15. Bc1 c5 16. Kh1 b5 17.
Nf5 gxf5 18. gxf5 Ndf8 19. fxe6 Nxe6 20. a4 c4 21. axb5 cxb3 22. cxb3 Qf6 23. Ra6 Reb8 24. b4 Rxb5 25. Qa4 Rab8 26. Bd2 Bf8 27. Rg1 Kh8 28. Ra5 a6 29. Rxb5 axb5 30. Qa7 Re8 31. Qd7 Re7 32. Qxb5 Nf4 33. Bxf4 Qxf4 34. Qb8 Qf6 35. b5 Re6 36. Rb1 Kg7 37. b6 Bd6 38. Qc8 Ng5 39. Nh4 Nxe4 40.
Bxe4 Qxh4 41. Rg1+ Kf6 42. Qd8+ Re7 43. Qxd6+ Re6 44. Qd8+ Re7 45. Qh8+ Ke6 46. Qc8+ Kf6 47. Qf5# 1-0

[Event "*** Titled Tuesday Blitz"]
[Site "Chess.com"]
[Date "2020.05.19"]
[Round "8"]
[White "BogdanDeac"]
[Black "fodorpoti"]
[Result "1-0"]
[WhiteElo "2980"]
[BlackElo "2764"]
[TimeControl "180+1"]
[EndTime "13:36:44 PDT"]
[Termination "BogdanDeac won by resignation"]

1. e4 e6 2. d4 d5 3. Nc3 Bb4 4.
exd5 exd5 5. Bd3 c6 6. Nf3 Nf6 7. O-O O-O 8. Ne5 Nbd7 9. Bg5 h6 10. Bh4 Be7 11. f4 Qb6 12. Ne2 Re8 13. Qc1 Ne4 14. Bxe7 Rxe7 15. Bxe4 dxe4 16. Nc4 Qb5 17. b3 Nf6 18. a4 Qh5 19. Ng3 Qh4 20. Qe1 Kf8 21.
Ne5 e3 22. Rf3 e2 23. Nxe2 Qxe1+ 24. Rxe1 Bf5 25. c4 Ne4 26. g4 Bh7 27. f5 f6 28.
Re3 Ng5 29. h4 Nf7 30. Ng6+ Bxg6 31. Rxe7 Kxe7 32. Nf4+ Kd7 33. Nxg6 Re8 34. Rxe8 Kxe8 35. Kf2 Nd6 36. h5 b6 37. Ke3 Nb7 38. Kd3 Na5 39. Kc3 Nb7 40. Nf4 Kf7 41. Kd3 Na5 42.
b4 Nb7 43. b5 c5 44. Ne6 cxd4 45. Kxd4 Na5 46. c5 bxc5+ 47. Nxc5 Nb3+ 48. Nxb3 1-0

[Event "*** Titled Tuesday Blitz"]
[Site "Chess.com"]
[Date "2020.05.19"]
[Round "8"]
[White "AnishGiri"]
[Black "2nd_life"]
[Result "1-0"]
[WhiteElo "2986"]
[BlackElo "2464"]
[TimeControl "180+1"]
[EndTime "13:36:44 PDT"]
[Termination "AnishGiri won on time"]

1. e4 e5 2. Nf3 Nc6 3. Bb5 a6 4. Ba4 Nf6 5. O-O Be7 6. d3 b5 7. Bb3 d6 8. a3 h6 9. Nc3 O-O 10. h3 Re8 11. Nd5 Be6 12. Nxf6+ Bxf6 13. Bxe6 Rxe6 14.
c4 Ne7 15. Be3 c5 16. b4 Rc8 17. Qb3 bxc4 18. dxc4 Nc6 19. bxc5 dxc5 20. Bxc5 Na5 21.
Qb4 Rb8 22. Qa4 Nb3 23. Rad1 Qa5 24. Qxa5 Nxa5 25. Bd6 Rc8 26. c5 Nb7 27. Rd5 Rc6 28.
Rfd1 g6 29. g4 g5 30. Kg2 Kg7 31. R1d3 Kg8 32. a4 a5 33. Rd1 Kg7 34. Ng1 Be7 35.
Bxe5+ f6 36. Bd4 Nxc5 37. Bxc5 Rxc5 38. Rxc5 Bxc5 39. Rd5 Bb4 40. Kf3 Rc6 41. Ne2 Kg6 42. e5 fxe5 43. Rxe5 Rf6+ 44. Kg2 Rd6 45. Ng3 Rc6 46.
Nf5 h5 47. Rd5 1-0

[Event "*** Titled Tuesday Blitz"]
[Site "Chess.com"]
[Date "2020.05.19"]
[Round "8"]
[White "GoldenShare"]
[Black "Munkhzul_Turmunkh"]
[Result "0-1"]
[WhiteElo "2614"]
[BlackElo "2520"]
[TimeControl "180+1"]
[EndTime "13:36:44 PDT"]
[Termination "Munkhzul_Turmunkh won by resignation"]

1. e4 c5 2. Nf3 d6 3. d4 cxd4 4. Nxd4 Nf6 5. Nc3 a6 6. h3 e5 7. Nde2 h5 8. Bg5 Be6 9. Nd5 Bxd5 10. exd5 Nbd7 11. c4 Be7 12. Nc3 Nxd5 13. Qxd5 Bxg5 14. Qxd6 Be7 15. Qd1 Bb4 16. Rc1 Nc5 17. Qc2 Qd4 18.
Be2 Bxc3+ 19. Qxc3 Qxc3+ 20. Rxc3 O-O-O 21. Rc2 a5 22. O-O h4 23. Re1 f6 24. Bf3 Rd4 25. Bd5 Kc7 26.
b3 Rd8 27. Re3 Kb6 28. a3 Nd3 29. Rd2 Nf4 30. Rxd4 exd4 31. Re7 Nxd5 32. cxd5 Rxd5 33. Kf1 Rb5 34. Rxg7 Rxb3 35. Rg4 Kc5 36. Ke2 Rxa3 37. Rxh4 Ra2+ 38. Kf3 b5 39. Rf4 b4 40. Rxf6 b3 41.
Rf8 b2 42. Rb8 Kc4 43. h4 Ra3+ 44. Ke4 Rb3 45. Rc8+ Kb4 46. Kxd4 b1=Q 47. Rc4+ Kb5 48. Rc3 Qd1+ 49. Rd3 Qxd3+ 0-1